 Dungeon Crawl Stone Soup version 0.28.0-47-ge53b351184 (webtiles) character file.

Game seed: 505360971102692932

400 Revguard the Insei (level 6, -2/51 HPs)
             Began as a Draconian Transmuter on May 5, 2022.
             Was a Follower of Ashenzari.
             Slain by Duvessa
             ... wielding a +0 rapier
              (3 damage)
             ... on level 6 of the Dungeon.
             The game lasted 00:12:30 (2738 turns).

Revguard the Insei (Draconian Transmuter)           Turns: 2738, Time: 00:12:30

Health: -2/51      AC:  6    Str: 12    XL:     6   Next: 54%
Magic:  8/11       EV: 12    Int: 13    God:    Ashenzari [*.....]
Gold:   205        SH:  0    Dex: 14    Spells: 4/12 levels left

rFire   . . .      SeeInvis .     - Unarmed
rCold   + . .      Faith    .   (no shield)
rNeg    . . .      Spirit   .   (armour unavailable)
rPois   .          Reflect  .   (helmet currently unavailable)
rElec   .          Harm     .   (no cloak)
rCorr   .          Rampage  .   (no gloves)
Will    .....                   (boots currently unavailable)
Stlth   +.........              (no amulet)
HPRegen 0.17/turn               e - ring of protection from cold
MPRegen 0.12/turn               d - ring of the Ensconced Comet {Wiz, Self, Evo} (curse)

@: appendages (expiring), wereblooded
A: horns 2, talons 2, AC +6, unfitting armour, cold-blooded
a: End Transformation, Renounce Religion, Shatter the Chains


You were on level 6 of the Dungeon.
You worshipped Ashenzari.
Ashenzari was aware of your devotion.
You had temporarily grown beastly horns and talons.
You visited 1 branch of the dungeon, and saw 5 of its levels.

You collected 205 gold pieces.

Inventory:

Armour
 c - a +1 pair of boots
 h - the cursed +2 pair of boots of Ashenzari's Soothsayer (melded) {Fly rElec rN+, Bglg, Comp}
   (You found it on level 2 of the Dungeon)

   rElec:     It insulates you from electricity.
   rN:        It protects you from negative energy.
   Fly:       It grants you flight.
   It has a curse which improves the following skills: Beguiling: Conjurations,
   Hexes and Translocations.
   Companions: Summonings and Necromancy.
Jewellery
 d - the cursed ring of the Ensconced Comet (right hand) {Wiz, Self, Evo}
   (You found it on level 3 of the Dungeon)

   [ring of wizardry]

   It improves your spell success rate.
   It has a curse which improves the following skills: Introspection: Fighting
   and Spellcasting.
   Evocations: Evocations.
 e - a ring of protection from cold (left hand)
Wands
 a - a wand of digging (6)
Scrolls
 f - a scroll of identify


   Skills:
 + Level 2.8(3.5) Fighting
 + Level 2.8 Dodging
 + Level 4.0 Unarmed Combat
 + Level 3.0(3.8) Spellcasting
 + Level 0.5 Conjurations
 + Level 2.3 Translocations
 + Level 3.1 Transmutations
 + Level 0.4 Air Magic
 + Level 1.7 Poison Magic


You had 4 spell levels left.
You knew the following spells:

 Your Spells              Type           Power      Damage    Failure   Level
a - Beastly Appendage     Tmut           20%        N/A       2%          1
b - Wereblood             Tmut           10%        N/A       3%          2
c - Freezing Cloud        Conj/Ice/Air   1%         6-21      87%         5

Your spell library contained the following spells:

 Spells                   Type           Power      Damage    Failure   Level
 Apportation              Tloc           16%        N/A       3%          1
 Animate Skeleton         Necr           4%         N/A       9%          1
 Summon Small Mammal      Summ           8%         N/A       9%          1
 Spider Form              Tmut/Pois      8%         N/A       10%         3
 Ignite Poison            Fire/Tmut/Pois 6%         N/A       13%         3
 Mephitic Cloud           Conj/Pois/Air  4%         N/A       17%         3
 Ice Form                 Ice/Tmut       6%         N/A       38%         4
 Olgreb's Toxic Radiance  Pois           7%         N/A       38%         4
 Ozocubu's Refrigeration  Ice            1%         4d5       100%        7
 Ignition                 Fire           1%         3d3       100%        8


Dungeon Overview and Level Annotations

Branches:
Dungeon (4/15)
 Temple: D:4-7

Altars:
Ashenzari
Uskayaw

Shops:
D:1 (

Annotations:
D:6 Dowan, Duvessa


Innate Abilities, Weirdness & Mutations

You have temporarily grown beastly horns and talons.
Your plain brown scales are hard. (AC +6)
You cannot fit into any form of body armour.
You are cold-blooded and may be slowed by cold attacks.


Message History

The centaur barely misses you. x2; The centaur misses you.
You hit the centaur.
You headbutt the centaur, but do no damage.
The centaur is almost dead.
The centaur misses you. The centaur closely misses you.
You hit the centaur but do no damage. You tail-slap the centaur.
You feel a bit better.
You kill the centaur!
Dowan casts a spell at Duvessa.
Duvessa seems to speed up.
Your Unarmed Combat skill increases to level 4!
Your Spellcasting skill increases to level 3!
You aren't carrying any potions.
You hit Duvessa but do no damage. Your kick misses Duvessa.
Duvessa hits you with a +0 rapier.
You hit Duvessa. You headbutt Duvessa.
Duvessa is lightly wounded.
Your transformation is almost over.
Duvessa barely misses you. Duvessa hits you but does no damage.
You hit Duvessa. You claw Duvessa, but do no damage.
You headbutt Duvessa, but do no damage.
Duvessa is lightly wounded.
Duvessa hits you with a +0 rapier.
Ashenzari invites you to partake of a vision and a curse of introspection and evocations.
Your ring of wizardry glows black for a moment.
Ashenzari will now protect you from malevolent surprises.
Ashenzari will now identify your possessions.
Duvessa hits you with a +0 rapier! x2
* * * LOW HITPOINT WARNING * * *
You hit Duvessa. Your kick misses Duvessa.
Duvessa is moderately wounded.
Duvessa hits you with a +0 rapier.
* * * LOW HITPOINT WARNING * * *
Okay, then.
You hit Duvessa but do no damage. You claw Duvessa.
Your headbutt misses Duvessa.
Duvessa is moderately wounded.
You howl as the wereblood boils in your veins!
Duvessa hits you with a +0 rapier.
You die...

#.# ###. #.# #.# #. #+
#.# #.#####. ... ##.##
#....... .... #...###
##...... .....
##.....#####.####.
[.....##.........##.##...
......5e.................
......##@#....##.##.##.#.
..... #.##.#.##.##......
.... #.###..##.#####.##
e.. #.# #.###.# #.# ..
#.###.###.# #.# .
#.........# #.#
#####.##### #.# #.# #.#


You could see Duvessa (fast) and an ufetubus.

Vanquished Creatures
  Sigmund (D:6)
  2 centaurs (D:6)
  A killer bee zombie (D:6)
  3 worms
  A dart slug (D:2)
  An orc (D:3)
  4 endoplasms
  3 giant cockroaches
  2 goblins
  9 hobgoblins
  A quokka (D:1)
  4 ball pythons
  5 bats
  4 kobolds
  5 rats
46 creatures vanquished.

Notes
Turn   | Place    | Note
-------+----------+-------------------------------------------
     0 | D:1      | Revguard the Draconian Transmuter began the quest for the
                  | Orb.
     0 | D:1      | Reached XP level 1. HP: 16/16 MP: 3/3
   135 | D:1      | Found Geob's Antique Weapon Shop.
   384 | D:1      | Reached XP level 2. HP: 21/23 MP: 1/5
   390 | D:1      | Learned a level 2 spell: Wereblood
   967 | D:2      | Found a faded altar of an unknown god.
  1020 | D:2      | Prayed at the altar of an unknown god.
  1020 | D:2      | Became a worshipper of Ashenzari the Shackled
  1137 | D:2      | Reached XP level 3. HP: 9/28 MP: 2/6
  1139 | D:2      | Reached skill level 1 in Translocations
  1152 | D:2      | Identified the +2 pair of boots of the Gardener {Fly rElec
                  | rN+}
  1656 | D:3      | Noticed a +0 dagger
  1656 | D:3      | Noticed a +0 spear
  1658 | D:3      | Noticed a +0 dagger
  1659 | D:3      | Noticed a +0 falchion
  1660 | D:3      | Noticed a +0 falchion
  1660 | D:3      | Noticed a +0 short sword
  1661 | D:3      | Noticed a +0 short sword
  1661 | D:3      | Noticed a +0 spear
  1663 | D:3      | Found a hide-covered altar of Uskayaw.
  2477 | D:4      | You are sucked into a shaft and drop 2 floors!
  2488 | D:6      | Noticed a centaur
  2488 | D:6      | Noticed Sigmund
  2514 | D:6      | Killed a centaur
  2515 | D:6      | Reached XP level 4. HP: 25/36 MP: 3/7
  2515 | D:6      | Reached XP level 5. HP: 28/41 MP: 3/8
  2536 | D:6      | Killed Sigmund
  2537 | D:6      | Reached skill level 1 in Poison Magic
  2537 | D:6      | Reached XP level 6. HP: 38/50 MP: 5/10
  2545 | D:6      | Learned a level 5 spell: Freezing Cloud
  2719 | D:6      | Noticed Duvessa
  2719 | D:6      | Noticed Dowan
  2733 | D:6      | Reached skill level 4 in Unarmed Combat
  2736 | D:6      | Reached * piety under Ashenzari
  2737 | D:6      | HP: 1/51 [Duvessa/+0 rapier (5)]
  2738 | D:6      | Slain by Duvessa

Illustrated notes

Levels and vault maps discovered:
D:1:      lemuel_arrival_room, layout_loops_ring, serial_shops, shop_fountains
D:2:      layout_loops_ring, shapermc_ecumenical_altar_totnotflames
D:3:      layout_basic, nicolae_uskayaw_en_pointe, minivault_5
D:4:      layout_loops_corners, st_stairs_10, minmay_manual_monolith
D:6:      layout_loops_corners, uniq_duvessa, uniq_sigmund

Skill      XL: |  1  2  3  4  5  6 |
---------------+-------------------+-----
Dodging        | 2 |  2.8
Translocations | 1 2 |  2.3
Fighting       | 2 |  2.8
Transmutations | 3 |  3.1
Poison Magic   | 1 |  1.7
Unarmed Combat | 4 |  4.0
Spellcasting   | 3 |  3.0
Conjurations   | |  0.5
Air Magic      | |  0.4

Action                   |  1- 3 |  4- 6 || total
-------------------------+-------+-------++-------
Melee: Unarmed           |   123 |    24 ||   147
       Kick              |    24 |     6 ||    30
       Tailslap          |    18 |     1 ||    19
       Headbutt          |     9 |     6 ||    15
       Punch             |     2 |     1 ||     3
 Cast: Beastly Appendage |    26 |     3 ||    29
       Wereblood         |     2 |     1 ||     3
Invok: Curse Item        |     1 |     1 ||     2
  Use: Potion            |     4 |       ||     4
       Scroll            |     3 |       ||     3
Armor: Skin              |    49 |    11 ||    60
Dodge: Dodged            |   107 |    23 ||   130
